 Dungeon Crawl Stone Soup version 0.24-a0-699-g5a66b1aa3b (webtiles) character file.

Game seed: 8147180837133678986, levelgen mode: deterministic

2917 DasRunzen the Protected (level 9, -4/81 HPs)
             Began as a Minotaur Fighter on Sept 29, 2019.
             Was an Elder of Okawaru.
             Slain by a yak (8 damage)
             ... on level 7 of the Dungeon.
             The game lasted 00:12:26 (5031 turns).

DasRunzen the Protected (Minotaur Fighter)          Turns: 5031, Time: 00:12:27

Health: -4/81      AC:  8    Str: 21    XL:     9   Next: 50%
Magic:  21/21      EV:  8    Int:  5    God:    Okawaru [****..]
Gold:   206        SH: 11    Dex: 13    Spells: 8/8 levels left

rFire    . . .     SeeInvis .   a - +3 war axe
rCold    . . .     Gourm    .   c - +0 shield
rNeg     . . .     Faith    .   b - +0 scale mail
rPois    .         Spirit   .   (helmet restricted)
rElec    .         Reflect  .   (no cloak)
rCorr    .         Harm     .   (no gloves)
MR       +....                  (no boots)
Stlth    ..........             (no amulet)
HPRegen  0.23/turn              y - ring of protection from magic
MPRegen  0.17/turn              A - ring of magical power

@: no status effects
A: retaliatory headbutt, horns 2
a: Heroism, Renounce Religion


You were on level 7 of the Dungeon.
You worshipped Okawaru.
Okawaru was greatly pleased with you.
You were hungry.

You visited 1 branch of the dungeon, and saw 7 of its levels.

You collected 206 gold pieces.

Inventory:

Hand Weapons
 a - a +3 war axe (weapon)
 j - a +3 short sword
Armour
 b - a +0 scale mail (worn)
 c - a +0 shield (worn)
Jewellery
 y - a ring of protection from magic (left hand)
 A - a ring of magical power (right hand)
Wands
 p - a wand of polymorph (7)
 s - a wand of digging (6)
 t - a wand of acid (7)
Scrolls
 q - a scroll of remove curse
 r - 2 scrolls of magic mapping
 v - a scroll of amnesia
 w - a scroll of teleportation
 z - a scroll of fog
 C - a scroll of identify
Potions
 d - a potion of might
 e - 2 potions of invisibility
 g - 2 potions of heal wounds
 h - 3 potions of flight
 i - a potion of cancellation
 k - a potion of brilliance
 l - a potion of haste
 m - a potion of ambrosia
 n - a potion of lignification
 o - a potion of resistance {unknown}
 u - a potion of agility {unknown}
 x - 4 potions of curing {unknown}
Comestibles
 f - 9 rations
 B - 3 chunks of flesh


   Skills:
 + Level 8.0 Fighting
 + Level 7.6 Axes
 + Level 8.0 Armour
 + Level 8.0 Shields
 + Level 5.4 Invocations


You had 8 spell levels left.
You didn't know any spells.
Your spell library was empty.

Dungeon Overview and Level Annotations

Branches:
Dungeon (7/15)             Temple (0/1) D:6

Altars:
Dithmenos
Fedhas
Hepliaklqana
Okawaru
Qazlal
Ru
Uskayaw
Yredelemnul
The Shining One

Shops:
D:4 [   D:5 =


Innate Abilities, Weirdness & Mutations

You reflexively headbutt those who attack you in melee.
You have a pair of horns on your head.


Message History

You slash the human!
You kill the human!
Okawaru accepts your kill.
Your Fighting skill increases to level 8!
Your Shields skill increases to level 8!
You slash the yak! You headbutt the yak, but do no damage.
The yak is moderately wounded.
The yak gores you!
* * * LOW HITPOINT WARNING * * *
You slash the yak!
The yak is heavily wounded.
You block the yak's attack.
You hit the yak.
The yak is heavily wounded.
The yak gores you!
* * * LOW HITPOINT WARNING * * *
You slash the yak! Your headbutt misses the yak.
The yak is almost dead.
The yak gores you!
You die...

### #.##### #####
#.....# #...# #.###.#
##...###.###.###########
.............hhY@.......
.#...###.###..##########
.#...# #.# #...#
.#...###.####'#####
.+..........#h.#..#
.#######.####..#..# ##
#<.....(.#..'..#
#######.####%.#..#
#.......# #%%#..#


You could see a yak and 2 hogs.

Vanquished Creatures
  Pikel (D:6)
  Joseph (D:7)
  Grinder (D:6)
  Sigmund (D:6)
  A human (D:7)
  A hog (D:7)
  2 ogres
  A centaur (D:5)
  A bullfrog (D:6)
  3 scorpions
  2 howler monkeys (D:6)
  A centaur zombie (D:5)
  A crimson imp (D:5)
  2 jellies
  2 centaur skeletons (D:6)
  2 orc priests (D:4)
  3 hounds
  3 bullfrog skeletons (D:6)
  Ijyb (D:3)
  4 orc wizards
  6 worker ants
  7 gnolls (D:5)
  7 adders
  A howler monkey skeleton (D:4)
  3 shadow imps
  An ooze (D:1)
  An adder skeleton (D:4)
  4 worms
  7 dart slugs
  3 leopard geckos
  11 orcs
  8 giant cockroaches
  7 goblins
  6 hobgoblins
  7 jackals
  3 quokkas
  5 ball pythons
  10 bats
  7 frilled lizards
  2 jackal skeletons
  A jackal zombie (D:6)
  5 kobolds
  7 rats
153 creatures vanquished.

Notes
Turn   | Place    | Note
-------+----------+-------------------------------------------
     0 | D:1      | DasRunzen the Minotaur Fighter began the quest for the Orb.
     0 | D:1      | Reached XP level 1. HP: 19/19 MP: 0/0
   172 | D:1      | Reached XP level 2. HP: 27/27 MP: 1/1
   448 | D:2      | Reached XP level 3. HP: 27/33 MP: 2/2
   484 | D:2      | Found a hazy altar of Hepliaklqana.
   484 | D:2      | Found a basalt altar of Yredelemnul.
   485 | D:2      | Found an iron altar of Okawaru.
   491 | D:2      | Became a worshipper of Warmaster Okawaru
   512 | D:2      | Reached XP level 4. HP: 21/41 MP: 3/3
   720 | D:2      | Found a blossoming altar of Fedhas.
  1271 | D:3      | Reached skill level 1 in Invocations
  1271 | D:3      | Reached XP level 5. HP: 29/47 MP: 4/4
  1305 | D:3      | Noticed Ijyb
  1328 | D:3      | Killed Ijyb
  1692 | D:3      | Found a glowing golden altar of the Shining One.
  1740 | D:3      | Reached * piety under Okawaru
  1935 | D:4      | Found a hide-covered altar of Uskayaw.
  1941 | D:4      | Reached XP level 6. HP: 35/55 MP: 6/6
  1942 | D:4      | Reached skill level 5 in Fighting
  1942 | D:4      | Reached skill level 5 in Armour
  1944 | D:4      | Reached skill level 5 in Shields
  2450 | D:4      | Found Inuer's Armour Boutique.
  2819 | D:4      | Reached XP level 7. HP: 61/61 MP: 7/7
  2894 | D:5      | Entered Level 5 of the Dungeon
  2905 | D:5      | Reached ** piety under Okawaru
  2905 | D:5      | Reached skill level 5 in Axes
  3411 | D:5      | Found Oriufau's Jewellery Shop.
  4120 | D:6      | Reached XP level 8. HP: 65/70 MP: 9/9
  4205 | D:6      | Found a staircase to the Ecumenical Temple.
  4221 | D:6      | Found a stormy altar of Qazlal.
  4221 | D:6      | Found a sacrificial altar of Ru.
  4222 | D:6      | Found a shadowy altar of Dithmenos.
  4247 | D:6      | Noticed Sigmund
  4257 | D:6      | Killed Sigmund
  4275 | D:6      | Reached *** piety under Okawaru
  4295 | D:6      | Noticed Grinder
  4302 | D:6      | Paralysed by Grinder for 3 turns
  4316 | D:6      | Killed Grinder
  4477 | D:6      | Noticed Pikel
  4492 | D:6      | Killed Pikel
  4492 | D:6      | Reached XP level 9. HP: 54/79 MP: 11/11
  4514 | D:6      | Reached **** piety under Okawaru
  4913 | D:7      | Noticed Joseph
  4919 | D:7      | Reached skill level 5 in Invocations
  4932 | D:7      | Killed Joseph
  5030 | D:7      | HP: 4/81 [yak (14)]
  5031 | D:7      | Slain by a yak

Levels and vault maps discovered:
D:1:      dpeg_arrival_shelter, layout_rooms, minmay_misc_feat_room
D:2:      layout_basic, grunt_temple_overflow_open, fedhas_altar_3,
          hangedman_abyss_or_decor_lesser_grid
D:3:      layout_basic, old_standard_altar, first_ration, grunt_ministairs_6,
          uniq_ijyb
D:4:      layout_loops_ring, eat_drink_and_be_merry_uskayaw, serial_shops,
          kennysheep_little_box
D:5:      layout_loops_cross, serial_shops, shop_statue
D:6:      layout_loops_ring, gammafunk_temple_overflow_forgotten,
          temple_fountains, kennysheep_generic_room_2, uniq_sigmund, uniq_pikel,
          uniq_grinder
D:7:      layout_basic, grunt_livestock, uniq_joseph

Skill      XL: |  1  2  3  4  5  6  7  8  9 |
---------------+----------------------------+-----
Shields        | 4 5 6 7 8 |  8.0
Armour         | 4 5 6 7 8 |  8.0
Fighting       | 4 5 6 7 8 |  8.0
Axes           | 3 4 5 6 7 |  7.6
Invocations    | 1 2 3 4 5 |  5.4

Action                   |  1- 3 |  4- 6 |  7- 9 || total
-------------------------+-------+-------+-------++-------
Melee: War axe           |    59 |   199 |   170 ||   428
       Headbutt          |     7 |    22 |    37 ||    66
       Unarmed           |       |    25 |       ||    25
  Use: Scroll            |     3 |     7 |     9 ||    19
  Eat: Chunk             |       |     7 |     3 ||    10
       Ration            |       |       |     1 ||     1
Armor: Scale mail        |    28 |   113 |    38 ||   179
Dodge: Dodged            |    17 |    79 |    36 ||   132
Block: Shield            |    28 |   121 |    97 ||   246

Table legend:
 A = Non-vault XP
 B = Vault XP
 C = Vault XP percentage of total XP
 D = Non-vault monster count
 E = Vault monster count
 F = Vault count percentage of total count
                 A         B        C        D         E       F
            +---------+---------+-------+---------+---------+-------
      Total |    2163 |    2005 |  48.1 |     144 |       9 |   5.9
            +---------+---------+-------+---------+---------+-------
        D:1 |      40 |       0 |   0.0 |      20 |       0 |   0.0
        D:2 |      92 |       0 |   0.0 |      24 |       0 |   0.0
        D:3 |     184 |      43 |  18.9 |      35 |       2 |   5.4
        D:4 |     429 |       0 |   0.0 |      26 |       0 |   0.0
        D:5 |     521 |       0 |   0.0 |      19 |       0 |   0.0
        D:6 |     699 |    1133 |  61.8 |      17 |       4 |  19.0
        D:7 |     198 |     829 |  80.7 |       3 |       3 |  50.0
            +---------+---------+-------+---------+---------+-------
